 Dungeon Crawl Stone Soup version 0.14-a0-2848-g1d0399b (webtiles) character file.

219 JEFFREY the Insei (level 4, -2/24 HPs)
             Began as a Vine Stalker Monk on Feb 27, 2014.
             Slain by Crazy Yiuf
             ... wielding a +2,+3 quarterstaff of chaos
              (10 damage)
             ... on Level 3 of the Dungeon.
             The game lasted 00:07:59 (1481 turns).

JEFFREY the Insei (Vine Stalker Monk)               Turns: 1481, Time: 00:07:59

HP  -2/24        AC  2     Str 13      XL: 4   Next: 81%
MP   0/5         EV 14     Int 10      God:
Gold 114         SH  0     Dex 18      Spells:  0 memorised,  3 levels left

rFire  . . .     SeeInvis .       - Unarmed
rCold  . . .     Clarity  .     y - +0 robe
rNeg   . . .     Conserve .     (no shield)
rPois  .         rCorr    .     z - +0 elf hat
rElec  .         rRot     +     (no cloak)
SustAb . .       Spirit   +     (no gloves)
rMut   .         Warding  .     (no boots)
Saprov . . .     Stasis   .     (no amulet)
MR     .....                    (no ring)
                                o - +1 ring of evasion

@: not resistant to hostile enchantments, stealthy
A: fangs 2, regeneration 1, magic shield, antimagic bite, no device heal
a: no special abilities


You were on level 3 of the Dungeon.
You were not hungry.

You visited 1 branch of the dungeon, and saw 3 of its levels.

You collected 114 gold pieces.

Inventory:

Armour
 y - a +0 robe (worn)
 z - a +0 elven hat (worn)
Comestibles
 a - a rotting chunk of worm flesh
 b - 4 bread rations
 f - 3 meat rations
 t - a choko
Scrolls
 c - a scroll of teleportation {unknown}
 d - 2 scrolls of random uselessness {unknown}
 g - a scroll of fog {unknown}
 h - a scroll of enchant armour {unknown}
 k - 2 scrolls of blinking {unknown}
 l - 2 scrolls of curse weapon {unknown}
 m - a scroll of enchant weapon II {unknown}
 n - a scroll of curse jewellery {unknown}
 q - a scroll of noise {unknown}
 r - 3 scrolls of fear {unknown}
 v - 2 scrolls of identify {unknown}
 x - a scroll of enchant weapon I {unknown}
 A - a scroll of remove curse {unknown}
 C - a scroll of curse armour {unknown}
Jewellery
 o - a +1 ring of evasion (left hand)
Potions
 e - a potion of flight {unknown}
 i - 2 potions of magic {unknown}
 j - a potion of resistance {unknown}
 p - a potion of poison {unknown}
 s - 2 potions of invisibility {unknown}
 u - a potion of degeneration {unknown}
 w - a potion of heal wounds {unknown}
 B - a potion of curing {unknown}


   Skills:
 - Level 3.0 Fighting
 - Level 2.7 Dodging
 * Level 4.0 Stealth
 - Level 5.0 Unarmed Combat


You had 3 spell levels left.
You didn't know any spells.

Dungeon Overview and Level Annotations

Branches:
Dungeon (3/16)

Altars:
Okawaru

Annotations:
D:3 Crazy Yiuf


Innate Abilities, Weirdness & Mutations

You have extremely sharp teeth.
Your natural rate of healing is unusually fast.
When hurt, damage is shared between your health and your magic reserves.
Your bite disrupts and absorbs the magic of your enemies.
Potions and wands cannot restore your HP.


Message History

You see here a hammer.
You barely miss Crazy Yiuf. Crazy Yiuf closely misses you.
You hit Crazy Yiuf but do no damage.
Crazy Yiuf hits you with a quarterstaff of chaos!
Crazy Yiuf freezes you.
You hit Crazy Yiuf but do no damage. Crazy Yiuf misses you.
You hit Crazy Yiuf but do no damage. You bite Crazy Yiuf. You drain his power.
You feel invigorated.
Crazy Yiuf is lightly wounded.
You hit Crazy Yiuf but do no damage. You bite Crazy Yiuf. You drain his power.
Crazy Yiuf is moderately wounded.
Crazy Yiuf misses you.
You hit Crazy Yiuf but do no damage.
Crazy Yiuf is moderately wounded.
Crazy Yiuf closely misses you.
You hit Crazy Yiuf.
Crazy Yiuf is heavily wounded.
Crazy Yiuf hits you with a quarterstaff of chaos.
You are electrocuted!
You die...

#.#
#....#.............
#.#
#+..+####.....####.
#.# ##....# #######
#. #.# ♣♣fP.♣♣♣
#...######. #(##.#
♣♣..P♣♣♣
#.......... #.##.#
♣♣♣.♣♣♣ #..........
#.##.# ♣♣)♣♣♣
###........ #.##.#
♣♣♣)♣♣ #........
#.##.# ♣♣♣@♣♣
#........ #.##.#
♣♣♣g♣♣ #....)...
#.##.# ♣##.##
#.###....
##.##.##### ..
###.######.
#.........# ..#
#..........
#.....##### .)#
###.######. #.....#
### #.# #. #.....#
#.# #. #.....# ###
#.# #.


You could see Crazy Yiuf.

Vanquished Creatures
  Terence (D:3)
  2 adders
  2 worms
  A giant gecko (D:3)
  2 oozes
  7 bats
  2 giant cockroaches
  10 hobgoblins
  5 giant newts
  16 goblins
  6 kobolds
  9 rats
  2 fungi (D:3)
65 creatures vanquished.

Notes
Turn   | Place    | Note
--------------------------------------------------------------
     0 | D:1      | JEFFREY, the Vine Stalker Monk, began the quest for the Orb.
     0 | D:1      | Reached XP level 1. HP: 11/11 MP: 1/1
    64 | D:1      | Reached XP level 2. HP: 16/16 MP: 3/3
   453 | D:2      | Reached XP level 3. HP: 17/19 MP: 4/4
   862 | D:2      | Reached skill level 5 in Unarmed Combat
   918 | D:2      | Reached XP level 4. HP: 23/23 MP: 5/5
  1141 | D:3      | Found an iron altar of Okawaru.
  1292 | D:3      | Noticed Terence
  1314 | D:3      | Killed Terence
  1471 | D:3      | Noticed Crazy Yiuf
  1481 | D:3      | Slain by Crazy Yiuf

Action                   |  1- 3 |  4- 6 || total
-------------------------+-------+-------++-------
Melee: Unarmed           |   122 |   101 ||   223
 Stab: Sleeping          |     3 |     3 ||     6
